 Dungeon Crawl Stone Soup version 0.28-a0-1638-g9123634e07 (webtiles) character file.

Game seed: 861152666262575039

252 Sweetruy1997 the Skirmisher (level 5, -5/39 (42) HPs)
             Began as a Demonspawn Chaos Knight on Jan 26, 2022.
             Was a Plaything of Xom.
             Slain by a soul eater (6 damage)
             ... summoned by Xom
             ... on level 3 of the Dungeon.
             The game lasted 00:10:15 (3387 turns).

Sweetruy1997 the Skirmisher (DsCK)                  Turns: 3387, Time: 00:10:16

HP:   -5/39 (42)    AC:  7    Str: 14      XL:     5   Next: 89%
MP:   5/5           EV: 11    Int: 20      God:    Xom [.....*]
Gold: 146           SH:  4    Dex: 15 (16) Spells: 4/4 levels left

rFire   . . .      SeeInvis .   m - +4 dagger (chaos)
rCold   . . .      Faith    .   (no shield)
rNeg    . . .      Spirit   .   b - +3 leather armour
rPois   .          Reflect  .   (helmet unavailable)
rElec   .          Harm     .   g - +0 cloak
rCorr   .          Rampage  .   (no gloves)
Will    .....                   (no boots)
Stlth   +.........              (no amulet)
HPRegen 0.13/turn               k - +6 ring of dexterity
MPRegen 0.09/turn               i - +6 ring of intelligence

@: mighty, drained
A: horns 3, foul stench 1, condensation shield, clumsy 1, wild magic 1
a: Renounce Religion


You were on level 3 of the Dungeon.
You worshipped Xom.
You were Xom's teddy bear.
You visited 1 branch of the dungeon, and saw 3 of its levels.
You also visited: Sewer.

You collected 146 gold pieces.

Inventory:

Hand Weapons
 m - a +4 dagger of chaos (weapon)
Missiles
 h - 37 stones (quivered)
Armour
 b - a +3 leather armour (worn)
 g - a +0 cloak (worn)
Jewellery
 i - a +6 ring of intelligence (right hand)
 k - a +6 ring of dexterity (left hand)
Scrolls
 d - a scroll of blinking
 f - a scroll of fog
Potions
 a - a potion of invisibility {unknown}
 c - 2 potions of brilliance
 j - a potion of haste {unknown}
 l - a potion of might
Miscellaneous
 e - a box of beasts


   Skills:
 - Level 4.0 Fighting
 + Level 1.7 Short Blades
 - Level 3.5 Axes
 + Level 2.3 Throwing
 + Level 2.8 Armour
 - Level 1.0 Dodging
 + Level 0.3 Stealth


You had 4 spell levels left.
You didn't know any spells.
Your spell library was empty.

Dungeon Overview and Level Annotations

Branches:
Dungeon (3/15)              Sewer (visited)

Altars:


Innate Abilities, Weirdness & Mutations

You have a pair of large horns on your head.
You may rarely emit foul miasma when damaged in melee.
A meltable shield of frost defends you. (SH +4)
You are clumsy. (Dex -2)
Your spells are a little harder to cast, but a little more powerful.


Message History

The ufetubus is almost dead.
The ufetubus hits you. The ufetubus barely misses you.
You barely miss the ufetubus.
The ufetubus is almost dead.
The ufetubus hits you but does no damage.
The ufetubus barely misses you.
You throw a stone.
The stone hits the soul eater but does no damage.
You hit the soul eater but do no damage.
The soul eater barely misses you.
You hit the soul eater but do no damage.
The soul eater hits you.
You feel drained.
The shadow imp grinds its teeth.
You closely miss the soul eater. You block the soul eater's attack.
You closely miss the soul eater. The soul eater closely misses you.
You hit the soul eater but do no damage.
The soul eater misses you.
You hit the soul eater but do no damage.
The soul eater hits you!
It was a potion of might.
You feel very mighty all of a sudden. The soul eater barely misses you.
You barely miss the soul eater. You headbutt the soul eater!
The soul eater is lightly wounded.
The soul eater hits you but does no damage.
You completely miss the soul eater.
The soul eater is lightly wounded.
The soul eater barely misses you.
You hit the soul eater but do no damage.
You headbutt the soul eater.
The soul eater is moderately wounded.
The soul eater closely misses you.
You closely miss the soul eater.
The soul eater is moderately wounded.
The soul eater hits you!
* * * LOW HITPOINT WARNING * * *
Xom roars with laughter!
A shower of butterflies erupts from you!
You feel drained.
You die...

######## #....... ##.######
##########.......# ##
#bbb(.......####.# ?.
#@########..# #.# #. #3#
#..# #.. #. #5# #..# ##.. #.
#5# #..###... #. #.#
#......<.
######.####.########>####.).
.......<..#..........# ##)#
######.#.#...######### #.#
#.......# #.#


You could see a soul eater (summoned, ally target), a shadow imp (summoned) and
an ufetubus (summoned).

Vanquished Creatures
  4 jellies (Sewer)
  2 adders
  A river rat (D:3)
  2 dart slugs
  An orc (D:3)
  4 bats
  10 endoplasms
  10 giant cockroaches
  9 goblins
  6 hobgoblins
  4 kobolds
  5 ball pythons
  5 frilled lizards
  3 rats
66 creatures vanquished.

Vanquished Creatures (collateral kills)
  Robin (D:2)
  An adder (D:3)
  A worm (D:3)
  An endoplasm (Sewer)
  A goblin (D:2)
  A hobgoblin (D:2)
  A quokka (D:3)
  A kobold (D:3)
8 creatures vanquished.

Grand Total: 74 creatures vanquished

Notes
Turn   | Place    | Note
-------+----------+-------------------------------------------
     0 | D:1      | Sweetruy1997 the Demonspawn Chaos Knight began the quest
                  | for the Orb.
     0 | D:1      | Reached XP level 1. HP: 18/18 MP: 1/1
    49 | D:1      | Found a faded altar of an unknown god.
    49 | D:1      | Noticed a chaos spawn
   147 | D:1      | XOM: divination: detect creatures
   292 | D:1      | XOM: 5-stop teleportation journey
   295 | D:1      | XOM: god gift: 26 gold pieces
   352 | D:1      | XOM: god gift: 9 stones
   470 | D:1      | Gained mutation: You have a pair of small horns on your
                  | head. [demonic ancestry]
   470 | D:1      | Reached XP level 2. HP: 15/24 MP: 2/2
   566 | D:1      | XOM: divination: magic mapping
   920 | D:2      | XOM: 1-stop teleportation journey
   968 | D:2      | Noticed Robin
   972 | D:2      | Killed Robin
   973 | D:2      | Gained mutation: You have a pair of horns on your head.
                  | [demonic ancestry]
   973 | D:2      | Reached XP level 3. HP: 29/29 MP: 3/3
   975 | D:2      | XOM: chaos upgrade
   980 | D:2      | Reached skill level 1 in Dodging
  1035 | D:2      | XOM: enchant monster (bad)
  1132 | D:2      | XOM: divination: magic mapping
  1185 | D:2      | XOM: god gift: 26 gold pieces
  1238 | D:2      | Reached skill level 1 in Throwing
  1279 | D:2      | XOM: cloud trail
  1354 | D:2      | XOM: scenery: summon butterflies
  1598 | D:3      | XOM: cloud trail
  1681 | D:3      | Gained mutation: You may rarely emit foul miasma when
                  | damaged in melee. [demonic ancestry]
  1681 | D:3      | Reached XP level 4. HP: 26/35 MP: 4/4
  1706 | D:3      | XOM: cast spell 'Monstrous Menagerie'
  1801 | D:3      | Found a glowing drain.
  1805 | Sewer    | Entered a sewer
  1899 | Sewer    | XOM: god gift: box of beasts
  1987 | Sewer    | Gained mutation: You have hidden genetic defects. [potion
                  | of mutation]
  1987 | Sewer    | Gained mutation: Your mind is acute. (Int +2) [potion of
                  | mutation]
  2247 | Sewer    | Lost mutation: Your mind is acute. (Int +2) [potion of
                  | mutation]
  2247 | Sewer    | Lost mutation: You have hidden genetic defects. [potion of
                  | mutation]
  2247 | Sewer    | Gained mutation: Your spells are a little harder to cast,
                  | but a little more powerful. [potion of mutation]
  2247 | Sewer    | Gained mutation: You have a pair of large horns on your
                  | head. [potion of mutation]
  2247 | Sewer    | Gained mutation: You are clumsy. (Dex -2) [potion of
                  | mutation]
  2412 | Sewer    | XOM: scenery: create altars
  2469 | Sewer    | XOM: 5-stop teleportation journey
  2494 | Sewer    | Reached skill level 1 in Short Blades
  2494 | Sewer    | Gained mutation: A meltable shield of frost defends you.
                  | (SH +4) [demonic ancestry]
  2494 | Sewer    | Reached XP level 5. HP: 19/41 MP: 5/5
  2707 | Sewer    | Reached skill level 4 in Fighting
  2834 | Sewer    | Found a shimmering altar of Xom.
  3218 | D:3      | XOM: summons 3 hostile demons
  3301 | D:3      | XOM: noise
  3364 | D:3      | XOM: summons 3 hostile demons
  3365 | D:3      | Noticed a soul eater
  3387 | D:3      | HP: 1/41 [soul eater[Xom] (16)]
  3387 | D:3      | XOM: butterfly on damage
  3387 | D:3      | Slain by a soul eater

Illustrated notes

Levels and vault maps discovered:
D:1:      dpeg_arrival_rooms_a, layout_basic,
          dreamdust_ecumenical_altar_sealed_demon,
          hangedman_decor_diamond_cutter, amcnicky_mini_rare_corridor_liquid
D:2:      layout_rooms, roderic_serpentine_path, uniq_robin
D:3:      layout_loops_ring, gup_sewer_entry_bowl

Skill      XL: |  1  2  3  4  5 |
---------------+----------------+-----
Axes           | 3 |  3.5
Armour         | 2 |  2.8
Dodging        | 1 |  1.0
Throwing       | 1 2 |  2.3
Short Blades   | 1 |  1.7
Fighting       | 4 |  4.0
Stealth        | |  0.3

Action                   |  1- 3 |  4- 6 || total
-------------------------+-------+-------++-------
Melee: Hand axe          |    47 |       ||    47
       Headbutt          |     8 |    10 ||    18
       Dagger            |    25 |    92 ||   117
       Punch             |       |     1 ||     1
Throw: Stone             |    48 |    73 ||   121
Evoke: Box of beasts     |       |     1 ||     1
  Use: Scroll            |     7 |     1 ||     8
       Potion            |       |     4 ||     4
 Stab: Sleeping          |       |     1 ||     1
Armor: Leather armour    |    35 |    54 ||    89
Dodge: Dodged            |    52 |    91 ||   143
Block: Other             |       |     7 ||     7

Table legend: (Time is in decaauts)
 A = Elapsed time spent in this place.
 B = Non-inter-level travel time spent in this place.
 C = Inter-level travel time spent in this place.
 D = Time resting spent in this place.
 E = Time spent auto-exploring this place.
 F = Levels seen in this place.
 G = Mean time per level.
                   A        B        C        D        E       F      G
               +--------+--------+--------+--------+--------+-----+--------+
         Total |   3438 |   3418 |     20 |    679 |   2006 |   4 |  859.5 |
       Dungeon |   2199 |   2179 |     20 |    175 |   1534 |   3 |  733.0 |
         Sewer |   1238 |   1238 |      0 |    504 |    471 |   1 | 1238.0 |
               +--------+--------+--------+--------+--------+-----+--------+

Top non-repeatable levels by time:
   Sewer: 1238 daAuts
     D:1: 817 daAuts
     D:2: 729 daAuts
     D:3: 653 daAuts
